 Dungeon Crawl Stone Soup version 0.31-a0-240-gb923e448b6 (webtiles) character file.

Game seed: 16753729931785622155

914 qw the Shooter (level 8, 0/48 HPs)
             Began as a Gargoyle Hexslinger on July 11, 2023.
             Was an Initiate of Okawaru.
             Slain by a killer bee (2 damage)
             ... on level 5 of the Dungeon.
             The game lasted 00:02:00 (4201 turns).

qw the Shooter (Gargoyle Hexslinger)                Turns: 4201, Time: 00:02:00

Health: 0/48       AC: 13    Str: 12    XL:     8   Next: 9%
Magic:  9/9        EV: 10    Int: 14    God:    Okawaru [......]
Gold:   272        SH:  0    Dex: 14    Spells: 8/9 levels left

rFire   . . .        Y - +3 sling
rCold   . . .        (no shield)
rNeg    + . .        g - +0 ring mail
rPois   inf          h - +0 helmet
rElec   +            f - scarf {repulsion}
rCorr   .            e - +0 pair of gloves
SInv    .            (no boots)
Will    .....        (no amulet)
Stlth   +            (no ring)
HPRegen 0.28/turn    (no ring)
MPRegen 0.11/turn

%: repel missiles
@: no status effects
A: sickness immunity, AC +5, negative energy resistance 1, electricity
resistance, torment resistance 1, petrification resistance
a: Renounce Religion


You were on level 5 of the Dungeon.
You worshipped Okawaru.
Okawaru was noncommittal.
You visited 2 branches of the dungeon, and saw 6 of its levels.

You collected 272 gold pieces.


Innate Abilities, Weirdness & Mutations

You are immune to sickness and miasma.
Your stone body is resilient. (AC +5)
You are immune to poison.
You resist negative energy. (rN+)
You are resistant to electric shocks. (rElec)
You are resistant to unholy torment.
You are immune to petrification.


   Skills:
 - Level 4.8 Fighting
 + Level 7.8 Ranged Weapons
 - Level 2.0 Armour
 - Level 1.5 Dodging
 - Level 1.0 Spellcasting
 - Level 2.6 Hexes


You had 8 spell levels left.
You knew the following spells:

 Your Spells              Type           Power      Damage    Failure   Level
a - Slow                  Hex            32%        N/A       19%         1

Your spell library contained the following spells:

 Spells                   Type           Power      Damage    Failure   Level
 Inner Flame              Hex/Fire       4%         N/A       69%         3
 Portal Projectile        Hex/Tloc       8%         N/A       69%         3
 Cause Fear               Hex            4%         N/A       88%         4

Inventory:

Hand Weapons
 Y - a +3 sling (weapon)
Armour
 e - a +0 pair of gloves (worn)
 f - a scarf of repulsion (worn)
 g - a +0 ring mail (worn)
 h - a +0 helmet (worn)
Scrolls
 j - 2 scrolls of identify
Potions
 a - a potion of resistance
 b - 2 potions of curing
 c - a potion of enlightenment

Dungeon Overview and Level Annotations

Branches:
Dungeon (5/15)             Temple (1/1) D:5

Altars:
Ashenzari
Cheibriados
Dithmenos
Elyvilon
Fedhas
Gozag
Kikubaaqudgha
Makhleb
Nemelex Xobeh
Okawaru
Qazlal
Ru
Sif Muna
Trog
Uskayaw
Vehumet
Wu Jian
Yredelemnul
Zin
The Shining One

Shops:
D:5 *

Annotations:
D:5 2 runed translucent doors


Message History

You shoot a sling bullet. The sling bullet hits the killer bee.
The killer bee is almost dead.
The killer bee stings you but does no damage.
The killer bee closely misses you. x2; The killer bee barely misses you.
The killer bee stings you but does no damage.
The killer bee stings you. The killer bee stings you!
The killer bee stings you but does no damage.
You shoot a sling bullet. The sling bullet hits the killer bee.
You kill the killer bee!
Okawaru accepts your kill.
The killer bee stings you but does no damage. x2
The killer bee barely misses you. The killer bee closely misses you.
The killer bee stings you but does no damage.
The killer bee completely misses you.
You shoot a sling bullet. The sling bullet hits the killer bee!
The killer bee is heavily wounded.
The killer bee stings you but does no damage.
The killer bee completely misses you. The killer bee barely misses you.
The killer bee closely misses you. The killer bee stings you.
The killer bee barely misses you. x2; The killer bee stings you.
The killer bee stings you but does no damage.
You shoot a sling bullet.
The sling bullet barely misses the killer bee.
The killer bee stings you but does no damage.
The killer bee misses you. The killer bee closely misses you. x2
The killer bee misses you. The killer bee stings you.
You shoot a sling bullet. The sling bullet misses the killer bee.
The killer bee stings you. The killer bee barely misses you. x2
The killer bee stings you but does no damage.
The killer bee stings you. The killer bee barely misses you.
You shoot a sling bullet. The sling bullet hits the killer bee.
The killer bee is severely wounded.
The killer bee barely misses you. The killer bee closely misses you. x2
The killer bee stings you but does no damage.
The killer bee misses you. The killer bee completely misses you.
You shoot a sling bullet.
The sling bullet hits the killer bee but does no damage.
The killer bee is severely wounded.
The killer bee barely misses you. The killer bee stings you.
You die...

........##....##.##....
................#####...
.............)..## #....
.......##.##.#...###....
.......##.######.(#...!.
....)%.#............#.#.
...................##...
......yyy#.#.......##...
##..<%@.#.#......#.....
#....).#..#...........
#.........:...........
#...........#.(#....#.
##.....##...##..#.####.
.##....).##...##....# ##.
......).........#...###..
........#............#...
.......)#..##............


You could see 3 killer bees.

Vanquished Creatures
  Eustachio (D:4)
  A black bear (D:5)
  A phantom (D:4)
  A scorpion (D:5)
  2 killer bees (D:5)
  A jelly (D:4)
  3 orc priests
  2 hounds
  An iguana (D:4)
  An orc wizard (D:3)
  A sleepcap (D:4)
  Ijyb (D:4)
  9 adders
  3 gnolls
  An ufetubus (D:4)
  10 orcs
  5 bats
  3 endoplasms
  2 giant cockroaches
  9 goblins
  7 hobgoblins
  3 jackals (D:2)
  7 kobolds
  3 quokkas
  5 ball pythons
  A frilled lizard (D:3)
  5 rats
89 creatures vanquished.

Notes
Turn   | Place    | Note
-------+----------+-------------------------------------------
     0 | D:1      | qw the Gargoyle Hexslinger began the quest for the Orb.
     0 | D:1      | Reached XP level 1. HP: 12/12 MP: 2/2
     0 | D:1      | 0 ||| qw: Version: 0.3-a-52-g30416fa
     0 | D:1      | 0 ||| qw: Game counter: 6030
     0 | D:1      | 0 ||| qw: Melee chars always use a shield: true
     0 | D:1      | 0 ||| qw: God list: Okawaru
     0 | D:1      | 0 ||| qw: Allow faded altars: false
     0 | D:1      | 0 ||| qw: Do Orc after clearing Dungeon:15 true
     0 | D:1      | 0 ||| qw: Do second Lair branch before Depths: true
     0 | D:1      | 0 ||| qw: Lair rune preference: random
     0 | D:1      | 0 ||| qw: Goals: Normal
     0 | D:1      | 0 ||| PLANNING D:1-11
    19 | D:1      | HP: 3/12 [quokka (4)]
   125 | D:1      | HP: 2/12 [kobold/+0 dagger (2)]
   311 | D:1      | Reached XP level 2. HP: 16/16 MP: 3/3
   651 | D:1      | 651 ||| UPGRADING to +0 ring mail.
   661 | D:1      | 661 ||| DROPPING +0 robe.
   662 | D:1      | 662 ||| UPGRADING to +0 helmet.
   667 | D:1      | 667 ||| READING scroll labelled RINOUNLUH.
   680 | D:1      | 680 ||| READING scroll labelled MORASM QOBOU.
   681 | D:1      | 681 ||| READING 2 scrolls labelled COIBOE SAJEQE.
   682 | D:1      | 682 ||| READING 3 scrolls labelled JAICHA HUIPSO.
   683 | D:1      | 683 ||| READING 2 scrolls of identify.
   683 | D:1      | 683 ||| IDENTIFYING clear potion
   684 | D:1      | 684 ||| DROPPING scroll of poison.
   685 | D:1      | 685 ||| DROPPING potion of brilliance.
   686 | D:1      | 686 ||| DROPPING scroll of amnesia.
   888 | D:2      | Reached skill level 3 in Ranged Weapons
  1124 | D:2      | Reached XP level 3. HP: 21/21 MP: 4/4
  1373 | D:2      | Reached skill level 1 in Armour
  1558 | D:2      | 1558 ||| READING scroll labelled VOITELL EZAC.
  1559 | D:2      | 1559 ||| READING scroll labelled YBATES KEGIH.
  1563 | D:2      | 1563 ||| DRINKING 2 yellow potions.
  1564 | D:2      | 1564 ||| READING 3 scrolls of identify.
  1564 | D:2      | 1564 ||| IDENTIFYING coppery potion
  1565 | D:2      | 1565 ||| DROPPING potion of attraction.
  1769 | D:3      | Found a sacrificial altar of Ru.
  1848 | D:3      | Reached XP level 4. HP: 26/26 MP: 5/5
  2052 | D:3      | 2052 ||| Stepping ~*~*~tactically~*~*~ (water).
  2054 | D:3      | 2054 ||| Stepping ~*~*~tactically~*~*~ (water).
  2059 | D:3      | 2059 ||| Stepping ~*~*~tactically~*~*~ (water).
  2294 | D:3      | Reached skill level 4 in Ranged Weapons
  2387 | D:3      | 2387 ||| UPGRADING to +0 pair of gloves.
  2392 | D:3      | 2392 ||| READING 2 scrolls labelled BAREHO TUMEIK.
  2393 | D:3      | 2393 ||| READING scroll of enchant weapon.
  2393 | D:3      | 2393 ||| ENCHANTING +2 sling.
  2394 | D:3      | 2394 ||| READING scroll labelled COIRCHY DOTSUI.
  2436 | D:4      | Reached XP level 5. HP: 25/30 MP: 6/6
  2466 | D:4      | Noticed a phantom
  2467 | D:4      | 2467 ||| FLEEEEING.
  2519 | D:4      | 2519 ||| Stepping ~*~*~tactically~*~*~ (outnumbered).
  2524 | D:4      | 2524 ||| Stepping ~*~*~tactically~*~*~ (outnumbered).
  2532 | D:4      | 2532 ||| STAIRDANCE
  2537 | D:3      | Reached skill level 5 in Ranged Weapons
  2541 | D:3      | HP: 2/30 [something/magic dart (8)]
  2657 | D:4      | 2657 ||| STAIRDANCE
  2666 | D:3      | Reached skill level 3 in Fighting
  2667 | D:3      | Reached XP level 6. HP: 12/37 MP: 7/7
  3260 | D:4      | Noticed Ijyb
  3261 | D:4      | Noticed Eustachio
  3275 | D:4      | Killed Ijyb
  3276 | D:4      | Reached skill level 6 in Ranged Weapons
  3301 | D:4      | Killed Eustachio
  3302 | D:4      | Reached XP level 7. HP: 43/44 MP: 8/8
  3366 | D:4      | 3366 ||| DRINKING 2 fuming cyan potions.
  3367 | D:4      | 3367 ||| READING 4 scrolls of identify.
  3367 | D:4      | 3367 ||| IDENTIFYING bubbling silvery potion
  3395 | D:5      | Entered Level 5 of the Dungeon
  3414 | D:5      | 3414 ||| STAIRDANCE
  3422 | D:4      | HP: 11/44 [gnoll/+0 club (2)]
  3423 | D:4      | 3423 ||| READING 2 scrolls of teleportation.
  3424 | D:4      | 3424 ||| DRINKING potion of heal wounds.
  3534 | D:5      | Found a runed translucent door.
  3536 | D:5      | Found a runed translucent door.
  3623 | D:5      | Found a staircase to the Ecumenical Temple.
  3624 | D:5      | 3624 ||| PLANNING TEMPLE
  3624 | D:5      | 3624 ||| UPGRADING to scarf of repulsion.
  3629 | D:5      | 3629 ||| READING 3 scrolls of identify.
  3629 | D:5      | 3629 ||| IDENTIFYING golden potion
  3638 | Temple   | Entered the Ecumenical Temple
  3654 | Temple   | 3654 ||| PLANNING OKAWARU WORSHIP
  3832 | Temple   | Became a worshipper of Warmaster Okawaru
  3833 | Temple   | 3833 ||| PLANNING D:1-11
  3923 | D:5      | Found Jeaduylo's Assorted Antiques.
  3935 | D:5      | Reached skill level 7 in Ranged Weapons
  3945 | D:5      | HP: 11/44 [hound (4)]
  3946 | D:5      | 3946 ||| READING scroll of teleportation.
  3991 | D:5      | 3991 ||| FLEEEEING.
  3992 | D:5      | 3992 ||| FLEEEEING.
  3993 | D:5      | 3993 ||| FLEEEEING.
  3994 | D:5      | 3994 ||| FLEEEEING.
  3998 | D:5      | 3998 ||| FLEEEEING.
  3999 | D:5      | 3999 ||| FLEEEEING.
  4000 | D:5      | 4000 ||| FLEEEEING.
  4001 | D:5      | 4001 ||| FLEEEEING.
  4002 | D:5      | 4002 ||| FLEEEEING.
  4003 | D:5      | 4003 ||| FLEEEEING.
  4004 | D:5      | 4004 ||| STAIRDANCE
  4095 | D:5      | 4095 ||| FLEEEEING.
  4096 | D:5      | 4096 ||| FLEEEEING.
  4097 | D:5      | 4097 ||| FLEEEEING.
  4098 | D:5      | 4098 ||| FLEEEEING.
  4099 | D:5      | 4099 ||| FLEEEEING.
  4100 | D:5      | 4100 ||| FLEEEEING.
  4101 | D:5      | 4101 ||| FLEEEEING.
  4102 | D:5      | 4102 ||| FLEEEEING.
  4103 | D:5      | 4103 ||| FLEEEEING.
  4104 | D:5      | 4104 ||| FLEEEEING.
  4106 | D:5      | 4106 ||| FLEEEEING.
  4107 | D:5      | 4107 ||| FLEEEEING.
  4108 | D:5      | 4108 ||| FLEEEEING.
  4109 | D:5      | 4109 ||| FLEEEEING.
  4110 | D:5      | 4110 ||| FLEEEEING.
  4119 | D:5      | 4119 ||| STAIRDANCE
  4190 | D:5      | Reached XP level 8. HP: 48/48 MP: 9/9
  4198 | D:5      | HP: 12/48 [killer bee (2)]
  4199 | D:5      | HP: 2/48 [killer bee (4)]
  4201 | D:5      | Slain by a killer bee

Levels and vault maps discovered:
D:1:      dpeg_arrival_solitude, layout_loops_cross, minmay_misc_feat_tiny
D:2:      layout_loops_ring, minmay_bisected
D:3:      layout_basic, overflow_temple_1_default, serial_rivers,
          chequers_serial_rivers_room_b, chequers_serial_rivers_large_a,
          chequers_serial_rivers_marsh, chequers_serial_rivers_room_b,
          minmay_pentangle
D:4:      layout_rooms, hangedman_decor_opposing, patterned_corridor, uniq_ijyb,
          uniq_eustachio
D:5:      lemuel_insect_pit, layout_cave_pools, minmay_temple_entry_junction,
          kennysheep_diamond
Temple:   nicolae_temple_bog_church

Skill      XL: |  1  2  3  4  5  6  7 |
---------------+----------------------+-----
Ranged Weapons | 3 4 5 6 7 |  7.8
Fighting       | 2 3 4 |  4.8
Armour         | 1 2 |  2.0
Dodging        | |  1.5
Spellcasting   | |  1.0
Hexes          | |  2.6

Action                     |  1- 3 |  4- 6 |  7- 9 || total
---------------------------+-------+-------+-------++-------
   Fire: Sling             |   157 |   192 |   102 ||   451
    Use: Scroll            |     8 |     3 |     4 ||    15
         Potion            |     1 |       |     2 ||     3
 Armour: Robe              |    11 |       |       ||    11
         Ring mail         |    57 |    74 |    89 ||   220
  Dodge: Dodged            |    73 |    81 |    97 ||   251

Table legend:
 A = Non-vault XP
 B = Vault XP
 C = Vault XP percentage of total XP
 D = Non-vault monster count
 E = Vault monster count
 F = Vault count percentage of total count
                 A         B        C        D         E       F
            +---------+---------+-------+---------+---------+-------
      Total |     952 |     354 |  27.1 |      79 |      10 |  11.2
            +---------+---------+-------+---------+---------+-------
        D:1 |      14 |       0 |   0.0 |       7 |       0 |   0.0
        D:2 |      38 |       6 |  13.6 |      16 |       4 |  20.0
        D:3 |     164 |       5 |   3.0 |      22 |       3 |  12.0
        D:4 |     349 |     212 |  37.8 |      19 |       2 |   9.5
        D:5 |     387 |     131 |  25.3 |      15 |       1 |   6.2
            +---------+---------+-------+---------+---------+-------
